Map: King Sejong Station LE

Players

Human

  • Race: Terran Terran
  • League: Bronze

Gracz - Winner!

  • Race: Protoss Protoss
  • League: Silver

VOD

Have the link to the VOD?

Description

Time

  • Played on: Oct. 2, 2016, 9:49 a.m.
  • Length: 5:20
Show
View Real Time Build Order
Export as new Build Order

Human Terran 

Build Orders:  

Get SALT Encoding   

  12  0:09  SCV  
  13  0:22  SCV  
  14  0:37  SCV  
  15  0:55  Supply Depot  
  15  1:16  SCV  
  16  1:22  Supply Depot  
  16  1:28  SCV  
  16  1:30  Refinery  
  17  1:41  SCV  
  17  1:47  Supply Depot  
  18  1:53  SCV  
  19  2:05  SCV  
  19  2:07  Refinery  
  20  2:13  Supply Depot  
  20  2:17  SCV  
  21  2:30  SCV  
  22  2:51  Barracks  
  22  2:53  Barracks  
  22  2:57  SCV  
  23  3:09  SCV  
  24  3:40  Marine x2  
  25  3:58  Marine x2  
  26  4:15  Marine  
  23  4:20  Marine  
  20  4:33  Marine  
  20  4:38  Marine  
  19  4:51  Marine  
  18  4:56  Marine  
  18  5:09  Supply Depot  
Show
View Real Time Build Order
Export as new Build Order

Gracz Protoss - Winner!

Build Orders:  

Get SALT Encoding   

  12  0:01  Probe (Chrono Boost)  
  13  0:19  Pylon  
  13  0:20  Probe (Chrono Boost)  
  14  0:31  Probe (Chrono Boost)  
  15  0:40  Gateway  
  15  0:41  Probe (Chrono Boost)  
  16  0:50  Pylon  
  16  0:53  Probe (Chrono Boost)  
  17  1:09  Gateway  
  17  1:13  Gateway  
  17  1:19  Assimilator  
  17  1:21  Probe (Chrono Boost)  
  18  1:31  Cybernetics Core  
  18  1:37  Probe (Chrono Boost)  
  19  1:45  Assimilator  
  19  1:47  Probe (Chrono Boost)  
  20  1:58  Zealot  
  22  2:02  Probe (Chrono Boost)  
  22  2:05  Warp Gate  
  23  2:14  Stalker, Probe (Chrono Boost)  
  26  2:27  Gateway  
  26  2:33  Stalker  
  28  2:47  Stalker  
  30  3:23  Pylon  
  30  3:37  Stalker  
  24  4:52  Stalker x2  
  28  4:53  Stalker  
  28  5:02  Stalker  
Tags
 
Add a new tag
Caveats
  • Supply blocks, unpowered buildings, or Contaminate may cause inaccurate times.
  • Supply counts are checked every 10 seconds.